 Dungeon Crawl Stone Soup version 0.23.2-1-ga50397a6bc (webtiles) character file.

Game seed: 1424070155191968193

217 Marnok the Ducker (level 5, -5/53 HPs)
             Began as a Troll Fighter on Apr 17, 2019.
             Slain by an ogre
             ... wielding a +0 giant club
              (26 damage)
             ... on level 4 of the Dungeon.
             The game lasted 00:08:44 (2502 turns).

Marnok the Ducker (Troll Fighter)                   Turns: 2502, Time: 00:08:45

Health: -5/53      AC:  6    Str: 25    XL:     5   Next: 62%
Magic:  4/4        EV:  9    Int:  4    God:
Gold:   98         SH:  9    Dex:  9    Spells: 4/4 levels left

rFire    . . .     SeeInvis .   k - +1 whip (vamp)
rCold    . . .     Gourm    +   c - +0 shield
rNeg     . . .     Faith    .   b - +0 robe
rPois    .         Spirit   .   (helmet restricted)
rElec    .         Reflect  .   (no cloak)
rCorr    .         Harm     .   (gloves unavailable)
MR       .....                  (boots unavailable)
Stlth    +.........             (no amulet)
HPRegen  0.57/turn              (no ring)
MPRegen  0.09/turn              (no ring)

@: no status effects
A: large, unfitting armour, claws 3, fast metabolism 3, gourmand, regeneration
1, shaggy fur 1, tough skin 3
a: no special abilities


You were on level 4 of the Dungeon.
You were very full.

You visited 1 branch of the dungeon, and saw 4 of its levels.

You collected 98 gold pieces.

Inventory:

Hand Weapons
 a - a +0 trident
 k - a +1 vampiric whip (weapon)
 m - a cursed -2 hunting sling
 s - a cursed -3 short sword
Missiles
 l - 5 needles of sleeping
 p - 4 javelins (quivered)
Armour
 b - a +0 robe (worn)
 c - a +0 shield (worn)
Wands
 t - a wand of acid (9)
 w - a wand of flame (13)
Scrolls
 e - 3 scrolls of fear {unknown}
 g - 2 scrolls of noise {unknown}
 h - 4 scrolls of remove curse {unknown}
 j - 3 scrolls of identify {unknown}
 n - a scroll of teleportation {unknown}
 o - a scroll of enchant armour {unknown}
 q - a scroll of immolation {unknown}
 r - a scroll of amnesia {unknown}
Potions
 d - a potion of magic {unknown}
 u - a potion of mutation {unknown}
 v - 2 potions of degeneration {unknown}
 x - a potion of curing {unknown}
Comestibles
 f - 13 rations


   Skills:
 + Level 3.0 Fighting
 + Level 1.6 Maces & Flails
 + Level 2.1 Polearms
 + Level 3.6 Dodging
 + Level 0.1 Stealth
 + Level 3.3 Shields


You had 4 spell levels left.
You didn't know any spells.
Your spell library was empty.

Dungeon Overview and Level Annotations

Branches:
Dungeon (4/15)
 Temple: D:4-7

Altars:
Sif Muna
Trog


Innate Abilities, Weirdness & Mutations

You are too large for most types of armour.
You have claws for hands.
Your metabolism is lightning-fast.
You like to eat raw meat.
Your natural rate of healing is unusually fast.
You are covered in fur. (AC +1)
You have extremely tough skin. (AC +3)


Message History

The ogre is moderately wounded.
The ogre hits you with a +0 giant club!
You whack the ogre!
You feel better.
The ogre is severely wounded.
You block the ogre's attack.
You hit the ogre but do no damage.
The ogre is severely wounded.
The ogre hits you with a +0 giant club!
You hit the ogre.
You feel better.
The ogre is severely wounded.
The ogre hits you but does no damage.
You hit the ogre but do no damage.
The ogre is severely wounded.
You barely miss the ogre.
The ogre is severely wounded.
The ogre hits you with a +0 giant club!
You hit the ogre.
The ogre is almost dead.
The ogre hits you with a +0 giant club!!
You die...

#....<....#
#.#######..#
#..## #...#
#..#...#
#%.##.##
#..##.##
#.##......#
#..@..#.##
#.##O#.# #
.. $s..# ...
...#%# ..
.####.# . #.
# . .


You could see an ogre and a scorpion.

Vanquished Creatures
  7 gnolls
  7 adders
  A worm (D:2)
  2 dart slugs
  2 leopard geckos (D:1)
  5 giant cockroaches
  6 goblins
  16 hobgoblins
  6 jackals (D:2)
  A ball python (D:1)
  7 bats
  4 frilled lizards
  9 kobolds
  9 rats
82 creatures vanquished.

Notes
Turn   | Place    | Note
-------+----------+-------------------------------------------
     0 | D:1      | Marnok the Troll Fighter began the quest for the Orb.
     0 | D:1      | Reached XP level 1. HP: 22/22 MP: 0/0
   251 | D:1      | Reached XP level 2. HP: 29/29 MP: 1/1
   524 | D:1      | Reached XP level 3. HP: 22/36 MP: 2/2
  1119 | D:2      | Reached XP level 4. HP: 35/44 MP: 3/3
  1300 | D:2      | Reached skill level 1 in Maces & Flails
  1542 | D:2      | Found a bloodstained altar of Trog.
  1773 | D:3      | Reached XP level 5. HP: 41/52 MP: 4/4
  2141 | D:3      | Found a deep blue altar of Sif Muna.
  2490 | D:4      | Noticed an ogre
  2502 | D:4      | Slain by an ogre

Skill      XL: |  1  2  3  4  5 |
---------------+----------------+-----
Dodging        | 3 |  3.6
Polearms       | 2 |  2.1
Maces & Flails | 1 |  1.6
Shields        | 3 |  3.3
Fighting       | 3 |  3.0
Stealth        | |  0.1

Action                   |  1- 3 |  4- 6 || total
-------------------------+-------+-------++-------
Melee: Trident           |    83 |       ||    83
       Whip              |    83 |   230 ||   313
  Use: Potion            |       |     4 ||     4
 Stab: Sleeping          |     1 |     1 ||     2
  Eat: Chunk             |    20 |    12 ||    32
Armor: Robe              |    96 |   115 ||   211
Dodge: Dodged            |    72 |   112 ||   184
Block: Shield            |   102 |   134 ||   236
